 Dungeon Crawl Stone Soup version 0.26-a0-451-gacbe401039 (webtiles) character file.

Game seed: 4061545459575415446

1022 JamesBald the Conjurer (level 8, -8/58 HPs)
             Began as a Human Conjurer on July 28, 2020.
             Was a Follower of Qazlal.
             Killed by nerve-wracking pain
             ... invoked by Menkaure
              (11 damage)
             ... on level 4 of the Dungeon.
             The game lasted 00:48:21 (8752 turns).

JamesBald the Conjurer (Human Conjurer)             Turns: 8752, Time: 00:48:21

Health: -8/58      AC:  4    Str:  7    XL:     8   Next: 46%
Magic:  10/13      EV: 18    Int: 26    God:    Qazlal [*.....]
Gold:   271        SH:  1    Dex: 12    Spells: 13/14 levels left

rFire    . . .     SeeInvis .   l - +1 dagger (chaos)
rCold    + . .     Faith    .   (no shield)
rNeg     . . .     Spirit   .   K - +2 robe "Wasuuggu" {*Slow Int+5}
rPois    .         Reflect  .   (no helmet)
rElec    .         Harm     .   (no cloak)
rCorr    .                      (no gloves)
MR       .....                  (no boots)
Stlth    ++........             v - amulet of the acrobat
HPRegen  0.19/turn              r - +4 ring of evasion
MPRegen  0.13/turn              h - ring of protection from cold

@: no status effects
A: no striking features
a: Renounce Religion


You were on level 4 of the Dungeon.
You worshipped Qazlal.
Qazlal was aware of your devotion.
You visited 1 branch of the dungeon, and saw 6 of its levels.

You collected 271 gold pieces.

Inventory:

Hand Weapons
 c - a +0 hand axe
 f - a +0 dagger
 l - a +1 dagger of chaos (weapon)
 m - a +0 hand axe
 t - a +0 mace
 w - a +0 flail
 x - a +0 flail
 F - a +1 vorpal spear
Missiles
 b - 122 arrows
 e - 49 poisoned darts (quivered)
 g - 241 stones
 q - 59 bolts
Armour
 a - a +0 robe
 k - a +0 chain mail
 o - a +0 ring mail
 p - a +0 robe
 s - a +0 ring mail
 u - a +0 scale mail
 H - a +0 helmet
 K - the +2 robe "Wasuuggu" (worn) {*Slow Int+5}
   (You found it on level 5 of the Dungeon)

   It affects your intelligence (+5).
   It may slow you when you take damage.
Jewellery
 h - a ring of protection from cold (right hand)
 r - a +4 ring of evasion (left hand)
 v - an amulet of the acrobat (around neck)
 C - an uncursed ring of protection from cold
 I - an uncursed ring of see invisible {unknown}
Scrolls
 d - 7 scrolls of remove curse
 i - 6 scrolls of identify
 y - a scroll of enchant weapon {unknown}
 A - 2 scrolls of enchant armour {unknown}
 B - 4 scrolls of teleportation
 J - a scroll of brand weapon {unknown}
 L - a scroll of acquirement {unknown}
Potions
 j - a potion of might
 n - 2 potions of invisibility {unknown}
 z - 2 potions of curing
 D - a potion of haste {unknown}
 E - 2 potions of degeneration {unknown}
 G - 2 potions of heal wounds


   Skills:
 + Level 3.0 Fighting
 + Level 2.1 Short Blades
 + Level 2.8 Axes
 + Level 0.2 Throwing
 + Level 4.3 Dodging
 + Level 3.7 Stealth
 + Level 1.1 Unarmed Combat
 + Level 3.7 Spellcasting
 * Level 5.9 Conjurations


You had 13 spell levels left.
You knew the following spells:

 Your Spells              Type           Power        Failure   Level
a - Magic Dart            Conj           ####         1%          1

Your spell library contained the following spells:

 Spells                   Type           Power        Failure   Level
 Searing Ray              Conj           #####.       1%          2
 Dazzling Flash           Conj/Hex       ###...       8%          3
 Animate Skeleton         Necr           #.....       9%          1
 Pain                     Necr           #...         9%          1
 Vampiric Draining        Necr           #.........   26%         3
 Fulminant Prism          Conj/Hex       ###.......   26%         4
 Iskenderun's Mystic Bla  Conj/Tloc      ###.....     26%         4
 Animate Dead             Necr           #.........   65%         4
 Agony                    Necr           #.......     94%         5


Dungeon Overview and Level Annotations

Branches:
Dungeon (6/15)
 Temple: D:4-7

Altars:
Ashenzari
Hepliaklqana
Qazlal
Ru
Xom

Shops:
D:5 (

Annotations:
D:4 Menkaure


Message History

Unknown command.
Menkaure barely misses you.
You climb upwards.
There is a stone staircase leading down, spattered with blood here.
You see here an iguana skeleton.
Menkaure calls on the powers of darkness!
Your body is wracked with pain!
* * * LOW HITPOINT WARNING * * *
Menkaure gestures ominously.
Menkaure completely misses you. Menkaure completely misses you.
Menkaure misses you.
There is a stone staircase leading up here.
Menkaure hits you!
* * * LOW HITPOINT WARNING * * *
You climb upwards.
There is a stone staircase leading down here.
Menkaure gestures at you while chanting.
Pain shoots through your body!
You die...

## ## ##8###8## ##
##8...8...8### #######.
####........M#### ##.....#.
#.#_.........@#.# ##........
#.##........°##.#####.........
#.##8...8...8##....##.........
#.# 8###8## ####.##.........
#.#############...............
#.........##...###............
#..........###...####.........
#..........#####.###..........
#..........##.....#...........


You could see Menkaure (fast).

Vanquished Creatures
  2 ogres
  A centaur (D:5)
  A water moccasin zombie (D:5)
  4 crimson imps (D:3)
  3 hounds (D:4)
  A jelly (D:5)
  An orc priest (D:4)
  2 iguanas (D:5)
  Natasha (thrice) (D:2)
  2 worker ants (D:4)
  12 adders
  7 gnolls
  3 white imps
  2 oozes
  2 dart slugs (D:1)
  7 orcs
  A ball python (D:3)
  8 bats
  4 giant cockroaches
  7 goblins
  6 hobgoblins
  6 jackals
  A quokka (D:3)
  3 frilled lizards
  5 kobolds
  A leopard gecko skeleton (D:4)
  3 rats
98 creatures vanquished.

Notes
Turn   | Place    | Note
-------+----------+-------------------------------------------
     0 | D:1      | JamesBald the Human Conjurer began the quest for the Orb.
     0 | D:1      | Reached XP level 1. HP: 13/13 MP: 3/3
   636 | D:1      | Reached XP level 2. HP: 9/19 MP: 1/5
  1270 | D:1      | Reached XP level 3. HP: 24/24 MP: 6/6
  1748 | D:2      | Reached XP level 4. HP: 14/31 MP: 1/7
  2227 | D:2      | Noticed Natasha
  2248 | D:2      | Killed Natasha
  2248 | D:2      | Reached skill level 1 in Axes
  2255 | D:2      | Noticed Natasha
  2276 | D:2      | Killed Natasha
  2276 | D:2      | Reached XP level 5. HP: 19/36 MP: 5/8
  2456 | D:2      | Noticed Natasha
  2460 | D:2      | Reached skill level 1 in Fighting
  2810 | D:2      | Found a sacrificial altar of Ru.
  2819 | D:2      | Became a worshipper of Ru the Awakened
  2997 | D:2      | Found a stormy altar of Qazlal.
  3008 | D:2      | Fell from the grace of Ru
  3008 | D:2      | Became a worshipper of Qazlal Stormbringer
  3409 | D:2      | Killed Natasha
  3802 | D:3      | Found a shimmering altar of Xom.
  3870 | D:3      | Reached XP level 6. HP: 33/43 MP: 7/9
  4299 | D:3      | Reached skill level 5 in Conjurations
  4333 | D:3      | Found a shattered altar of Ashenzari.
  4621 | D:3      | Reached XP level 7. HP: 38/48 MP: 2/11
  5572 | D:4      | Reached skill level 1 in Unarmed Combat
  6331 | D:4      | Found a hazy altar of Hepliaklqana.
  6394 | D:4      | Reached skill level 1 in Short Blades
  6590 | D:4      | Reached * piety under Qazlal
  6873 | D:5      | Entered Level 5 of the Dungeon
  7001 | D:5      | Reached XP level 8. HP: 49/56 MP: 9/13
  7098 | D:5      | Found Hasei's Antique Weapon Shoppe.
  7215 | D:5      | Got a fine robe
  7228 | D:5      | Identified the +2 robe "Wasuuggu" {*Slow Int+5} (You found
                  | it on level 5 of the Dungeon)
  8438 | D:6      | Noticed Menkaure
  8750 | D:5      | HP: 2/58 [Menkaure (16)]
  8752 | D:4      | Killed from afar by Menkaure

Illustrated notes

Levels and vault maps discovered:
D:1:      tarquinn_simple_flora_water_a, layout_loops_ring, minivault_11
D:2:      layout_basic, overflow_temple_1_default, nicolae_ru_path_of_blood,
          uniq_natasha
D:3:      layout_loops_ring, nicolae_overflow_crystal_walls, led_xom_imps
D:4:      layout_rooms, nicolae_overflow_hidden_temple
D:5:      layout_basic, serial_shops, shop
D:6:      layout_loops_ring, uniq_menkaure

Skill      XL: |  1  2  3  4  5  6  7  8 |
---------------+-------------------------+-----
Axes           | 1 2 |  2.8
Fighting       | 1 2 3 |  3.0
Dodging        | 3 4 |  4.3
Conjurations   | 5 |  5.9
Stealth        | 3 |  3.7
Spellcasting   | 3 |  3.7
Unarmed Combat | 1 |  1.1
Short Blades   | 1 2 |  2.1
Throwing       | |  0.2

Action                   |  1- 3 |  4- 6 |  7- 9 || total
-------------------------+-------+-------+-------++-------
Melee: Hand axe          |    76 |   104 |       ||   180
       Unarmed           |     6 |    19 |       ||    25
       Dagger            |       |    30 |   154 ||   184
Throw: Dart              |     1 |       |     2 ||     3
 Cast: Magic Dart        |    22 |    75 |    86 ||   183
  Use: Scroll            |     2 |     4 |     3 ||     9
       Potion            |       |     5 |     2 ||     7
 Stab: Sleeping          |       |     1 |       ||     1
       Invisible         |       |     3 |       ||     3
       Confused          |       |       |     1 ||     1
       Paralysed         |       |       |     1 ||     1
Armor: Robe              |    36 |    13 |    12 ||    61
Dodge: Dodged            |    83 |   179 |   142 ||   404
Block: Other             |       |       |     4 ||     4

Table legend: (Time is in decaauts)
 A = Elapsed time spent in this place.
 B = Non-inter-level travel time spent in this place.
 C = Inter-level travel time spent in this place.
 D = Time resting spent in this place.
 E = Time spent auto-exploring this place.
 F = Levels seen in this place.
 G = Mean time per level.
                   A        B        C        D        E       F      G
               +--------+--------+--------+--------+--------+-----+--------+
         Total |   8779 |   8755 |     24 |   3184 |   1617 |   6 | 1463.2 |
       Dungeon |   8779 |   8755 |     24 |   3184 |   1617 |   6 | 1463.2 |
               +--------+--------+--------+--------+--------+-----+--------+

Top non-repeatable levels by time:
     D:2: 2516 daAuts
     D:5: 1812 daAuts
     D:1: 1722 daAuts
     D:3: 1363 daAuts
     D:4: 1303 daAuts
     D:6: 61 daAuts
